 Dungeon Crawl Stone Soup version 0.30.0-10-gfe55d96785 (webtiles) character file.

Game seed: 8328480664872034502

319 sampeng1 the Trooper (level 6, -7/48 HPs)
             Began as a Human Berserker on May 16, 2023.
             Was a Priest of Trog.
             Mangled by Sigmund
             ... wielding a +6 scythe of venom
              (10 damage)
             ... on level 4 of the Dungeon.
             The game lasted 00:10:47 (3620 turns).

sampeng1 the Trooper (Human Berserker)              Turns: 3620, Time: 00:10:48

Health: -7/48      AC: 11    Str: 24    XL:     6   Next: 75%
Magic:  6/6        EV: 11    Int:  7    God:    Trog [***...]
Gold:   190        SH:  0    Dex: 12    Spells: 5/5 levels left

rFire   . . .        a - +0 hand axe (flame)
rCold   + . .        (no shield)
rNeg    . . .        r - +1 scale mail {rC+}
rPois   .            (no helmet)
rElec   .            p - +0 cloak
rCorr   .            j - +0 pair of gloves
SInv    .            f - +0 pair of boots "Osoison" {Harm Str+4}
Will    ++...        (no amulet) Stlth
                     (no ring)
HPRegen 1.28/turn    (no ring)
MPRegen 0.10/turn

%: harm (+30% outgoing, +20% incoming)
@: lethally poisoned (-7 -> -17), strong-willed, regenerating
A: no striking features
a: Renounce Religion, Berserk, Trog's Hand


You were on level 4 of the Dungeon.
You worshipped Trog.
Trog was most pleased with you.
You visited 1 branch of the dungeon, and saw 4 of its levels.

You collected 190 gold pieces.

Inventory:

Hand Weapons
 a - a +0 hand axe of flaming (weapon)
 o - a +0 war axe
Missiles
 d - 4 atropa-tipped darts (quivered)
 e - 2 poisoned darts
Armour
 b - a +0 animal skin
 f - the +0 pair of boots "Osoison" (worn) {Harm Str+4}
   (You acquired it on level 2 of the Dungeon)

   Str:       It affects your strength (+4).
   Harm:      It increases damage dealt and taken.
 j - a +0 pair of gloves (worn)
 p - a +0 cloak (worn)
 r - a +1 scale mail of cold resistance (worn)
Scrolls
 c - a scroll of noise
 g - a scroll of butterflies
 k - a scroll of teleportation
Potions
 h - a potion of resistance {unknown}
 i - 5 potions of curing
 l - a potion of heal wounds
 m - a potion of magic
 n - a potion of cancellation {unknown}
 q - a potion of degeneration {unknown}


   Skills:
 + Level 4.3 Fighting
 + Level 4.3 Axes
 + Level 3.6 Armour
 + Level 3.7 Dodging


You had 5 spell levels left.
You didn't know any spells.
Your spell library was empty.

Dungeon Overview and Level Annotations

Branches:
Dungeon (4/15)
 Temple: D:4-7

Altars:
Qazlal
Trog

Annotations:
D:4 Sigmund


Message History

Trog accepts your kill.
You slash the giant cockroach! You burn the giant cockroach.
You kill the giant cockroach!
Trog accepts your kill.
Items here: $ ) ††.
You hear some strange, mumbled words.
A puff of flame appears from out of thin air!
The puff of flame hits you. Something completely misses you.
Items here: $ ) ††.
Okay, then.
You now have 190 gold pieces (gained 11).
Something hits you.
You are poisoned.
You hit something. You burn something.
You feel sick.
You hear some strange, mumbled words.
A puff of flame appears from out of thin air!
The puff of flame hits you.
You miss something.
You feel sick. Something hits you but does no damage.
You barely miss something.
You feel sick.
You hit something but do no damage.
You feel sick. Something hits you.
You are more poisoned.
You miss something.
You feel sick. Something hits you but does no damage.
You are more poisoned.
You barely miss something.
You feel very sick. Something hits you!
You closely miss something.
You feel very sick.
You closely miss something.
You feel very sick. Something hits you.
* * * LOW HITPOINT WARNING * * *
You are more poisoned.
Your skin crawls.
You feel strong-willed.
* * * LOW HITPOINT WARNING * * *
You feel very sick. Something hits you!
You die...

....#.#.#.##
........... ....#.#.#.#
#.........##
#...#.#.#..####
#............:.
#...<.{....# # #.#@..#
#.##.##)## #.......#
####### ####.#..######
......# #...........
#.#.#.# ###......###
......## #######..###.#
#.#.#..###....).#.# #
........##.#####.......


There were no monsters in sight!

Vanquished Creatures
  An orc priest (D:4)
  Terence (D:3)
  An orc wizard (D:4)
  4 gnolls (D:2)
  12 adders
  7 orcs (D:4)
  15 ball pythons
  8 endoplasms
  7 giant cockroaches
  6 goblins
  5 hobgoblins
  4 jackals
  2 quokkas
  4 bats
  3 frilled lizards
  8 kobolds
  4 rats
92 creatures vanquished.

Vanquished Creatures (others)
  A wizard (D:3)
1 creature vanquished.

Grand Total: 93 creatures vanquished

Notes
Turn   | Place    | Note
-------+----------+-------------------------------------------
     0 | D:1      | sampeng1 the Human Berserker began the quest for the Orb.
     0 | D:1      | Reached XP level 1. HP: 18/18 MP: 1/1
   185 | D:1      | Reached XP level 2. HP: 18/24 MP: 2/2
   763 | D:2      | Reached XP level 3. HP: 29/29 MP: 3/3
  1009 | D:2      | Reached XP level 4. HP: 29/35 MP: 4/4
  1125 | D:2      | Found a faded altar of an unknown god.
  1245 | D:2      | Reached ** piety under Trog
  1452 | D:2      | Reached XP level 5. HP: 39/42 MP: 5/5
  1891 | D:2      | Identified a scroll of acquirement
  1891 | D:2      | Acquired the +0 pair of boots "Osoison" {Harm Str+4}
  2606 | D:3      | Found a stormy altar of Qazlal.
  2624 | D:3      | Reached XP level 6. HP: 35/48 MP: 6/6
  2647 | D:3      | Noticed Terence
  2657 | D:3      | Killed Terence
  2846 | D:3      | Found a bloodstained altar of Trog.
  2848 | D:3      | Noticed a wizard
  2853 | D:3      | Killed a wizard
  3255 | D:4      | Reached *** piety under Trog
  3601 | D:4      | Noticed Sigmund
  3620 | D:4      | Mangled by Sigmund

Illustrated notes

Levels and vault maps discovered:
D:1:      minmay_arrival_arboretum_small, layout_basic, minmay_hexomino_f4
D:2:      layout_basic, ebering_ecumenical_altar_webs, minmay_snake_closets
D:3:      layout_basic, trog_wizard, mainiacjoe_overflow_boulevard,
          minmay_bisected, uniq_terence
D:4:      layout_loops_ring, serial_glass, glass_columns_c, glass_columns_b,
          glass_columns_c, glass_columns_b, glass_columns_a, glass_columns_b,
          glass_columns_a, glass_columns_a, minmay_misc_feat_roman, uniq_sigmund

Skill      XL: |  1  2  3  4  5 |
---------------+----------------+-----
Dodging        | 3 |  3.7
Armour         | 3 |  3.6
Axes           | 4 |  4.3
Fighting       | 4 |  4.3

Action                     |  1- 3 |  4- 6 || total
---------------------------+-------+-------++-------
  Melee: Hand axe          |    66 |   223 ||   289
         Punch             |       |     1 ||     1
 Invoke: Berserk           |     1 |     2 ||     3
         Trog's Hand       |       |     1 ||     1
    Use: Scroll            |       |    11 ||    11
 Armour: Animal skin       |     4 |       ||     4
         Scale mail        |    22 |   112 ||   134
  Dodge: Dodged            |    43 |   127 ||   170
